 Dungeon Crawl Stone Soup version 0.19.0-19-g8c6edcc (webtiles) character file.

1640 Chiseanne the Nimble (level 8, 0/45 HPs)
             Began as a Deep Elf Hunter on Nov 14, 2016.
             Was a Believer of Nemelex Xobeh.
             Slain by an orc warrior
             ... wielding a +0 scimitar
              (13 damage)
             ... on level 6 of the Dungeon.
             The game lasted 00:18:22 (6252 turns).

Chiseanne the Nimble (Deep Elf Hunter)              Turns: 6252, Time: 00:18:22

Health: 0/45       AC: 12    Str: 15    XL:     8   Next: 66%
Magic:  10/10      EV: 18    Int: 17    God:    Nemelex Xobeh [**....]
Gold:   326        SH:  0    Dex: 18    Spells: 0 memorised, 7 levels left

rFire  . . .     SeeInvis .     a - +6 falchion (slice)
rCold  . . .     Gourm    .     E - +3 leather armour
rNeg   . . .     Faith    .     (no shield)
rPois  .         Spirit   .     i - +2 helmet
rElec  .         Reflect  .     (no cloak)
rCorr  .         Harm     .     y - +0 pair of gloves
MR     .....                    c - +1 pair of boots
Stlth  ++........               p - amulet of magic regeneration
                                (no ring)
                                (no ring)

@: mighty
A: agile 1
a: Renounce Religion


You were on level 6 of the Dungeon.
You worshipped Nemelex Xobeh.
Nemelex Xobeh was pleased with you.
You were not hungry.

You visited 1 branch of the dungeon, and saw 6 of its levels.

You collected 326 gold pieces.

Inventory:

Hand Weapons
 a - a +6 falchion of slicing (weapon)
 d - a +1 flail of holy wrath
 s - a +0 whip of venom
 x - a +0 hand axe of electrocution
 J - a +2 flail of protection
 O - a +2 dagger of venom
Missiles
 b - 96 arrows
 e - 181 stones (quivered)
 m - 37 sling bullets
 n - 23 poisoned needles
 o - 8 curare-tipped needles
 H - 3 tomahawks
 I - an exploding tomahawk
Armour
 c - a +1 pair of boots (worn)
 i - a +2 helmet (worn)
 y - a +0 pair of gloves (worn)
 E - a +3 leather armour (worn)
 G - a +0 leather armour of cold resistance
Jewellery
 p - an amulet of magic regeneration (around neck)
Wands
 k - a wand of iceblast (9/15)
 B - a wand of confusion (20/48)
 D - a wand of lightning (11/15)
Scrolls
 h - 4 scrolls of remove curse
 v - 5 scrolls of teleportation
 C - 3 scrolls of recharging
 F - a scroll of magic mapping
 L - a scroll of immolation
 M - 3 scrolls of identify
Potions
 l - a potion of flight
 q - 2 potions of magic
 r - 3 potions of cancellation
 u - 2 potions of curing
 K - a potion of brilliance
Books
 j - a book of Misfortune

   Spells                             Type                      Level
   a - Confusing Touch                Hexes                        1
   b - Confuse                        Hexes                        3
   c - Gell's Gravitas                Hexes/Translocation          3
   d - Petrify                        Transmutation/Earth          4
   e - Metabolic Englaciation         Hexes/Ice                    5
   f - Yara's Violent Unravelling     Hexes/Transmutation          5
Miscellaneous
 N - a plain deck of escape {god gift}
Comestibles
 f - 3 bread rations
 g - 2 beef jerkies
 t - 4 fruits
 z - a slice of pizza
 A - 3 meat rations
 P - 3 chunks of flesh


   Skills:
 - Level 2.7 Fighting
 * Level 5.9 Long Blades
   Level 4.3 Bows
 - Level 3.0 Armour
 * Level 9.1 Dodging
 - Level 1.2 Stealth


You had 7 spell levels left.
You didn't know any spells.

Dungeon Overview and Level Annotations

Branches:
Dungeon (6/15)
 Temple: D:4-7

Altars:
Gozag
Nemelex Xobeh
The Shining One

Annotations:
D:4 Blork the orc


Innate Abilities, Weirdness & Mutations

You are agile. (Dex +2)


Message History

It was a potion of might.
You feel very mighty all of a sudden. The orc warrior closely misses you.
You riposte.
You barely miss the orc warrior. You slash the orc warrior!
The orc warrior is heavily wounded.
The iguana misses you.
You slash the orc warrior!
The orc warrior is severely wounded.
The orc warrior completely misses you. The iguana bites you!
* * * LOW HITPOINT WARNING * * *
You barely miss the orc warrior.
The orc warrior is severely wounded.
The iguana closely misses you. The orc warrior completely misses you.
You completely miss the orc warrior.
The orc warrior is severely wounded.
The iguana bites you but does no damage.
The orc warrior hits you with a scimitar!
You die...
Your body disappears without a glow.

###.)###+#'#
#.# ##))...#
#.# #.....# #
#...### .#
#.....# ..#
#.....# ...#
#...###'# ≈≈≈..
#...#...#...≈..
#...#..@o...≈..
##.####.l.≈≈≈≈.
#. ......≈.. #.
......%≈(. ##
###########


You could see an orc warrior and an iguana.

Vanquished Creatures
  Duvessa (D:5)
  A black bear (D:6)
  A centaur (D:5)
  An ogre (D:3)
  A bullfrog (D:6)
  Dowan (D:5)
  A scorpion (D:5)
  A killer bee (D:6)
  A crimson imp (D:6)
  A centaur zombie (D:5)
  2 hounds
  2 orc priests
  A bullfrog skeleton (D:4)
  A centaur skeleton (D:5)
  2 jellies (D:5)
  7 orc wizards
  Jessica (D:3)
  Terence (D:3)
  2 iguanas (D:6)
  4 worker ants
  A hound skeleton (D:6)
  A mummy (D:5)
  Robin (D:2)
  10 adders
  7 gnolls
  A howler monkey skeleton (D:4)
  2 shadow imps
  2 oozes
  3 dart slugs
  3 leopard geckos
  22 orcs
  8 giant cockroaches
  6 goblins (D:2)
  13 hobgoblins
  8 jackals
  A quokka (D:3)
  3 ball pythons
  5 bats
  8 frilled lizards
  A goblin zombie (D:5)
  A hobgoblin zombie (D:5)
  9 kobolds
  A leopard gecko skeleton (D:6)
  A leopard gecko zombie (D:5)
  17 rats
168 creatures vanquished.

Notes
Turn   | Place    | Note
-------+----------+-------------------------------------------
     0 | D:1      | Chiseanne the Deep Elf Hunter began the quest for the Orb.
     0 | D:1      | Reached XP level 1. HP: 12/12 MP: 3/3
   212 | D:1      | Reached skill level 3 in Dodging
   235 | D:1      | Reached XP level 2. HP: 17/17 MP: 4/4
   853 | D:2      | Reached XP level 3. HP: 21/21 MP: 5/5
  1254 | D:2      | Noticed Robin
  1268 | D:2      | Killed Robin
  1268 | D:2      | Reached skill level 4 in Dodging
  1268 | D:2      | Reached XP level 4. HP: 11/27 MP: 6/6
  1604 | D:2      | Reached skill level 1 in Long Blades
  1700 | D:2      | Found a sparkling altar of Nemelex Xobeh.
  1708 | D:2      | Became a worshipper of Nemelex Xobeh the Trickster
  1749 | D:2      | Received a gift from Nemelex Xobeh
  2128 | D:3      | You fall through a shaft!
  2180 | D:4      | Reached XP level 5. HP: 23/31 MP: 7/7
  2278 | D:4      | Gained mutation: You are agile. (Dex +2) [potion of beneficial mutation]
  2283 | D:4      | Reached skill level 5 in Dodging
  2288 | D:4      | Reached skill level 1 in Armour
  2607 | D:3      | Reached XP level 6. HP: 18/36 MP: 8/8
  2853 | D:3      | Noticed Terence
  2862 | D:3      | Killed Terence
  2990 | D:3      | Noticed Jessica
  3009 | D:3      | Killed Jessica
  3485 | D:4      | Reached * piety under Nemelex Xobeh
  3486 | D:4      | Noticed Blork the orc
  3497 | D:5      | Entered Level 5 of the Dungeon
  3513 | D:5      | Reached skill level 6 in Dodging
  3513 | D:5      | Reached XP level 7. HP: 6/40 MP: 9/9
  3885 | D:5      | Noticed Duvessa
  3897 | D:5      | Noticed Dowan
  3899 | D:5      | Killed Duvessa
  4281 | D:6      | Found an opulent altar of Gozag.
  4301 | D:6      | Reached skill level 7 in Dodging
  4527 | D:6      | Reached XP level 8. HP: 15/45 MP: 10/10
  4793 | D:6      | Found a glowing golden altar of the Shining One.
  4897 | D:6      | Reached skill level 5 in Long Blades
  4897 | D:6      | Reached skill level 8 in Dodging
  4962 | D:5      | Received a gift from Nemelex Xobeh
  5074 | D:5      | Killed Dowan
  5660 | D:5      | Reached ** piety under Nemelex Xobeh
  6129 | D:6      | Reached skill level 9 in Dodging
  6252 | D:6      | Slain by an orc warrior

Skill      XL: |  1  2  3  4  5  6  7  8 |
---------------+-------------------------+-----
Dodging        | 3 4 5 6 7 9 |  9.1
Fighting       | 2 |  2.7
Long Blades    | 1 2 3 4 5 |  5.9
Armour         | 1 2 3 |  3.0
Bows           | |  4.3
Stealth        | |  1.2

Action                   |  1- 3 |  4- 6 |  7- 9 || total
-------------------------+-------+-------+-------++-------
Melee: Short sword       |    37 |       |       ||    37
       Falchion          |       |   104 |   237 ||   341
 Fire: Shortbow          |    58 |     8 |    24 ||    90
Throw: Stone             |       |       |     3 ||     3
Evoke: Deck              |       |     6 |       ||     6
       Wand              |       |       |     3 ||     3
  Use: Scroll            |     6 |     2 |     4 ||    12
       Potion            |       |     8 |     1 ||     9
 Stab: Sleeping          |     2 |       |     2 ||     4
  Eat: Chunk             |     1 |     7 |     9 ||    17
Armor: Leather armour    |    16 |     5 |    49 ||    70
       Scale mail        |       |    38 |    19 ||    57
       Skin              |       |     3 |       ||     3
Dodge: Dodged            |    32 |    73 |   196 ||   301
       Rpst.: Falchion   |       |    23 |    62 ||    85
